 Dungeon Crawl Stone Soup version 0.29.0-11-gd7f09526c8 (webtiles) character file.

Game seed: 17370657854918768060

115433 greasedhog the Wrestler (level 16, -14/165 HPs)
             Began as a Troll Fighter on Sept 6, 2022.
             Was the Champion of Wu Jian.
             Demolished by a merfolk
             ... wielding a +0 trident
              (17 damage)
             ... on level 1 of the Shoals.
             The game lasted 00:50:46 (21590 turns).

greasedhog the Wrestler (Troll Fighter)            Turns: 21590, Time: 00:50:47

Health: -14/165    AC: 15    Str: 28    XL:     16   Next: 18%
Magic:  0/25       EV: 10    Int: 16    God:    Wu Jian [******]
Gold:   1401       SH: 11    Dex:  7    Spells: 15/15 levels left

rFire   + + +      SeeInvis .     - Unarmed
rCold   . . .      Faith    .   b - +0 kite shield
rNeg    . . .      Spirit   +   c - +1 troll leather armour {Snorg}
rPois   +          Reflect  .   F - +3 hat of Pondering {ponderous, Will+ MP+10 Int+5}
rElec   +          Harm     .   G - +2 cloak {Will+}
rCorr   .          Rampage  .   (gloves unavailable)
Will    +++..                   (boots unavailable)
Stlth   ++........              C - amulet of Efoblean {Spirit rF+++ Str-5}
HPRegen 1.97/turn               j - ring of Zogott {rElec rPois Str+2 Dex-2 Stlth+}
MPRegen 0.19/turn               K - ring of poison resistance

@: studying 2 skills, slow
A: large, unfitting armour, claws 3, regeneration 1, shaggy fur 1, tough skin 1,
antennae 1, iridescent scales 1, clever 1, strong 1
a: Renounce Religion, Wall Jump, Serpent's Lash, Heavenly Storm


You were on level 1 of the Shoals.
You worshipped Wu Jian.
Wu Jian was exalted by your worship.
You visited 5 branches of the dungeon, and saw 24 of its levels.
You also visited: Sewer and Gauntlet.

You collected 2250 gold pieces.
You spent 849 gold pieces at shops.

Inventory:

Missiles
 w - 6 atropa-tipped darts (quivered)
Armour
 b - a +0 kite shield (worn)
 c - a +1 troll leather armour (worn) {Snorg}
 s - +0 acid dragon scales
 F - the +3 hat of Pondering (worn) {ponderous, Will+ MP+10 Int+5}
   (You took it off Gastronok on level 3 of the Lair of Beasts)

   Int:       It affects your intelligence (+5).
   MP:        It affects your magic capacity (+10).
   Will:      It increases your willpower.
 G - a +2 cloak of willpower (worn)
 N - a +0 robe of resistance
Jewellery
 j - the ring of Zogott (left claw) {rElec rPois Str+2 Dex-2 Stlth+}
   (You acquired it on level 11 of the Dungeon)

   [ring of poison resistance]

   Str:       It affects your strength (+2).
   Dex:       It affects your dexterity (-2).
   rElec:     It insulates you from electricity.
   rPois:     It protects you from poison.
   Stlth:     It makes you more stealthy.
 p - an amulet of reflection
 C - the amulet of Efoblean (around neck) {Spirit rF+++ Str-5}
   (You acquired it on level 5 of the Lair of Beasts)

   [amulet of guardian spirit]

   It causes incoming damage to be divided between your reserves of health and
   magic.
   Str:       It affects your strength (-5).
   rF:        It renders you almost immune to fire.
 E - a ring of protection from cold
 K - a ring of poison resistance (right claw)
 M - a +6 ring of intelligence
Wands
 k - a wand of mindburst (5)
 u - a wand of acid (5)
 D - a wand of polymorph (4)
 J - a wand of charming (5)
 O - a wand of roots (6)
 P - a wand of digging (3)
 U - a wand of flame (3)
Scrolls
 e - 2 scrolls of fog
 l - 3 scrolls of magic mapping
 n - a scroll of summoning
 q - 7 scrolls of amnesia
 r - 5 scrolls of poison
 v - 7 scrolls of teleportation
 y - 4 scrolls of blinking
 I - 2 scrolls of immolation
 L - 3 scrolls of enchant armour
 Q - a scroll of fear
 R - a scroll of torment
Potions
 a - 4 potions of ambrosia
 d - a potion of heal wounds
 f - 6 potions of attraction
 g - 3 potions of cancellation
 h - 12 potions of curing
 i - 7 potions of mutation
 m - 4 potions of haste
 o - 2 potions of might
 t - 4 potions of flight
 x - 2 potions of invisibility
 z - 4 potions of resistance
 B - 3 potions of lignification
 H - 6 potions of brilliance
 S - 2 potions of magic
Miscellaneous
 A - a phantom mirror


   Skills:
 + Level 12.3 Fighting
 - Level 9.9 Dodging
 - Level 13.3 Shields
 - Level 21.1 Unarmed Combat


You had 15 spell levels left.
You didn't know any spells.
Your spell library contained the following spells:

 Spells                   Type           Power      Damage    Failure   Level
 Shock                    Conj/Air       0%         1d3       43%         1
 Ensorcelled Hibernation  Hex/Ice        0%         N/A       56%         2
 Call Canine Familiar     Summ           0%         N/A       80%         3
 Dazzling Flash           Conj/Hex       0%         N/A       80%         3
 Ignite Poison            Fire/Tmut/Pois 0%         N/A       80%         3
 Mephitic Cloud           Conj/Pois/Air  0%         N/A       80%         3
 Portal Projectile        Hex/Tloc       0%         N/A       80%         3
 Stone Arrow              Conj/Erth      0%         3d7       80%         3
 Summon Guardian Golem    Hex/Summ       0%         N/A       80%         3
 Swiftness                Air            0%         N/A       80%         3
 Tukima's Dance           Hex            0%         N/A       80%         3
 Airstrike                Air            0%         2d(0-16)  99%         4
 Animate Armour           Summ/Erth      0%         N/A       99%         4
 Leda's Liquefaction      Hex/Erth       0%         N/A       99%         4
 Agony                    Necr           0%         N/A       100%        5
 Alistair's Intoxication  Tmut/Pois      0%         N/A       100%        5
 Blade Hands              Tmut           0%         N/A       100%        5
 Borgnjor's Vile Clutch   Necr/Erth      0%         N/A       100%        5
 Freezing Cloud           Conj/Ice/Air   0%         6-21      100%        5
 Irradiate                Conj/Tmut      0%         3d11      100%        5
 Silence                  Hex/Air        0%         N/A       100%        5
 Summon Forest            Summ/Tloc      0%         N/A       100%        5
 Eringya's Noxious Bog    Tmut/Pois      0%         N/A       100%        6
 Starburst                Conj/Fire      0%         6d3       100%        6
 Dragon Form              Tmut           0%         N/A       100%        7
 Orb of Destruction       Conj           0%         9d5       100%        7
 Spellforged Servitor     Conj/Summ      0%         N/A       100%        7
 Summon Hydra             Summ           0%         N/A       100%        7
 Lehudib's Crystal Spear  Conj/Erth      0%         10d2      100%        8
 Chain Lightning          Conj/Air       0%         N/A       100%        9


Dungeon Overview and Level Annotations

Branches:
Dungeon (15/15)            Temple (1/1) D:6            Lair (5/5) D:11
 Shoals (1/4) Lair:3       Spider (0/4) Lair:2        Slime (0/5) Lair:5
    Orc (2/2) D:10            Elf (0/3) Orc:2        Vaults (0/5) D:13
 Depths (0/4) D:15          Sewer (visited)         Gauntlet (visited)

Altars:
Ashenzari
Cheibriados
Elyvilon
Fedhas
Gozag
Hepliaklqana
Kikubaaqudgha
Makhleb
Nemelex Xobeh
Okawaru
Qazlal
Ru
Sif Muna
Trog
Uskayaw
Vehumet
Wu Jian
Xom
Yredelemnul
Zin
The Shining One

Shops:
D:1 ?   D:14 *   Orc:1 =   Orc:2 [!([   Shoals:1 *(

Annotations:
Lair:4 exclusion: 2 oklob plants
Orc:1 1 runed translucent door, gelatine's ghost, journeyman DsFE


Innate Abilities, Weirdness & Mutations

You are too large for most types of armour.
You have claws for hands.
Your natural rate of healing is unusually fast.
You are covered in fur. (AC +1)
You have tough skin. (AC +1)
You have a pair of small antennae on your head.
You are partially covered in iridescent scales. (AC +2)
Your mind is acute. (Int +4, Str/Dex -1)
Your muscles are strong. (Str +4, Int/Dex -1)


Message History

You mangle the merfolk impaler!!
The merfolk impaler is severely wounded.
You block the merfolk impaler's attack.
The merfolk hits you with a +0 trident of venom!
You spin and attack the merfolk repeatedly.
You closely miss the merfolk. x2
The merfolk impaler hits you from afar with a +2 vampiric trident!
You block the merfolk's attack.
The merfolk impaler hits you from afar with a +2 vampiric trident.
The merfolk hits you from afar with a +0 trident!
Unknown command.
You spin and attack the merfolk.
You miss the merfolk.
The merfolk impaler shouts!
You block the merfolk impaler's attack.
The merfolk hits you with a +0 trident of venom!
You are poisoned.
The merfolk impaler hits you with a +2 vampiric trident!
* * * LOW HITPOINT WARNING * * *
You mangle the merfolk impaler!!
The merfolk impaler is almost dead.
You feel very sick.
The merfolk impaler hits you with a +2 vampiric trident!
* * * LOW HITPOINT WARNING * * *
The merfolk impaler draws strength from your wounds!
The merfolk closely misses you. You block the merfolk's attack.
The merfolk shouts!
You eviscerate the merfolk impaler!!!
You kill the merfolk impaler!
The Council accepts your kill.
You feel very sick.
The merfolk hits you from afar with a +0 trident!!
* * * LOW HITPOINT WARNING * * *
The merfolk hits you with a +0 trident of venom!
* * * LOW HITPOINT WARNING * * *
You are more poisoned.
You feel better.
The merfolk impaler hits you from afar with a +3 vorpal trident!
* * * LOW HITPOINT WARNING * * *
x2 The merfolk hits you from afar with a +0 trident!
You die...

≈≈≈≈≈≈≈≈≈≈≈≈≈≈≈≈≈
~≈≈≈≈≈≈≈≈≈≈≈≈≈≈≈≈≈≈≈≈≈≈≈≈≈≈
~~≈≈≈≈≈≈≈≈≈≈≈≈≈≈≈≈≈≈≈≈≈≈≈≈≈
~~~≈≈≈≈≈≈≈≈≈≈≈≈≈≈≈≈~≈≈≈≈≈≈≈
.~~~≈≈≈≈≈≈≈≈≈≈≈≈≈≈≈~∩≈≈≈≈∩≈
~~~~~~~~~≈≈≈≈≈≈≈~~~.~~≈≈≈≈≈
.~~~~~~~~~~≈≈~~~m..~≈≈≈≈≈≈≈
........~~~~~~~~~.m~≈≈≈≈≈≈≈
..>...†..~~~~~~.@m)≈≈≈≈≈≈≈≈
....##...~~~~~..)....~~~≈≈≈
#..####..~~~~~...)...~~~≈≈≈
#...###..~~~~.........~~≈≈≈
.....#...~~~~......)...~~≈≈
~~~.##...~~~~........m.~≈≈≈
~~~.##...~~~~.......~~~≈≈≈≈
≈~~.###..~~≈~).~~..~~≈≈≈≈≈
≈≈~.# #..~~≈≈~~~~..~~≈≈≈≈≈


You could see a merfolk impaler and 3 merfolk.

Vanquished Creatures
  Gastronok (Lair:3)
  An orc warlord (Orc:2)
  A stone giant (D:15)
  A reaper (Gauntlet)
  Azrael (D:12)
  A minotaur (Gauntlet)
  Snorg (D:11)
  Josephine (Lair:3)
  2 merfolk impalers (Shoals:1)
  2 fire dragons
  4 vault guards (D:13)
  2 ogre magi
  12 hydras
  4 centaur warriors
  7 two-headed ogres
  4 death yaks (Lair:2)
  The ghost of Plazmod the Destroyer, a journeyman DECj of Vehumet (D:12)
  5 tengu warriors
  Urug (D:12)
  2 thrashing horrors (Gauntlet)
  Amaemon (D:10)
  A sea snake (Shoals:1)
  A fire crab (Lair:5)
  A sixfirhy (Gauntlet)
  3 lindwurms
  A wizard (D:15)
  Pikel (D:4)
  5 harpies (Shoals:1)
  2 deep elf pyromancers
  18 ugly things
  7 cyclopes
  A wolf spider (shapeshifter) (D:13)
  2 centaur zombies (D:11)
  3 elephants (Lair:5)
  7 manticores
  3 fauns (Shoals:1)
  7 black mambas
  A merfolk siren (Shoals:1)
  Maurice (D:12)
  3 molten gargoyles
  14 cane toads
  4 gargoyles
  An orange demon (D:10)
  A torpor snail (Lair:2)
  2 unseen horrors
  4 rime drakes
  A minotaur zombie (Gauntlet)
  13 komodo dragons
  2 efreet (D:14)
  Maggie (D:7)
  5 trolls
  A hellwing (Gauntlet)
  A tengu conjurer (D:15)
  6 merfolk (Shoals:1)
  10 slime creatures
  4 wind drakes
  17 blink frogs
  A snapping turtle (Shoals:1)
  10 dream sheep
  8 wyverns
  5 flying skulls (Gauntlet)
  2 vampires
  6 wraiths
  2 fire elementals (D:12)
  44 yaks
  A water elemental (Shoals:1)
  7 fire bats
  Eustachio (D:5)
  11 vampire mosquitoes
  6 steam dragons
  3 basilisks
  3 acid dragons
  10 water moccasins
  7 hell hounds
  32 orc warriors
  Pargi (Sewer)
  3 black bears
  3 ice beasts (D:6)
  2 sky beasts
  15 wolves
  10 ogres
  A lemure (D:4)
  8 centaurs
  4 small abominations (Gauntlet)
  3 scorpions
  A gnoll sergeant (D:11)
  10 bullfrogs
  2 necrophages
  24 wights
  41 killer bees
  2 electric eels (D:9)
  4 howler monkeys
  6 jellies
  5 lava snakes
  A hound (D:6)
  20 orc priests
  2 iguanas (D:5)
  30 orc wizards
  10 hell rats
  7 gnolls
  9 adders
  A shadow imp (D:7)
  2 ufetubi (Gauntlet)
  3 worms
  2 dart slugs
  94 orcs
  A bat (D:1)
  An endoplasm (D:1)
  6 giant cockroaches
  3 hobgoblins
  15 jackals
  12 kobolds
  10 quokkas
  5 ball pythons
  7 frilled lizards
  9 goblins
  4 rats
  A spectral kobold (D:2)
769 creatures vanquished.

Vanquished Creatures (collateral kills)
  An orc warlord (Orc:1)
  A hydra (D:13)
  A centaur warrior (D:13)
  A deep elf zephyrmancer (D:8)
  A black mamba (Lair:5)
  A gargoyle (D:13)
  A troll (D:13)
  An acid dragon (D:13)
  An orc (Orc:1)
9 creatures vanquished.

Vanquished Creatures (others)
  Nessos (Lair:3)
  3 orc wizards
  A demonic plant (Gauntlet)
  16 fungi
  19 plants
  2 withered plants (Orc:1)
42 creatures vanquished.

Grand Total: 820 creatures vanquished

Notes
Turn   | Place    | Note
-------+----------+-------------------------------------------
     0 | D:1      | greasedhog the Troll Fighter began the quest for the Orb.
     0 | D:1      | Reached XP level 1. HP: 22/22 MP: 0/0
    33 | D:1      | Found Gongat's Magic Scroll Boutique.
    63 | D:1      | Reached XP level 2. HP: 29/29 MP: 1/1
   691 | D:1      | Reached XP level 3. HP: 36/36 MP: 2/2
   880 | D:2      | Found the +7 Kryia's mail coat {PotionHeal*2 rC+}
   923 | D:2      | Reached skill level 3 in Unarmed Combat
  1144 | D:2      | Found a bloodstained altar of Trog.
  1267 | D:2      | Found a faded altar of an unknown god.
  1370 | D:2      | Reached XP level 4. HP: 40/44 MP: 3/3
  1502 | D:3      | Found a burning altar of Makhleb.
  1589 | D:3      | Found a glowing drain.
  1643 | Sewer    | Entered a sewer
  1672 | Sewer    | Noticed Pargi
  1682 | Sewer    | Killed Pargi
  1683 | Sewer    | Reached skill level 4 in Unarmed Combat
  1683 | Sewer    | Reached XP level 5. HP: 41/53 MP: 4/4
  2211 | D:4      | Noticed a black bear
  2223 | D:4      | Killed a black bear
  2224 | D:4      | Reached XP level 6. HP: 12/61 MP: 5/5
  2509 | D:4      | Noticed Pikel
  2530 | D:4      | Killed Pikel
  2531 | D:4      | Reached skill level 6 in Unarmed Combat
  2531 | D:4      | Reached XP level 7. HP: 28/70 MP: 6/6
  2749 | D:4      | Found a sacrificial altar of Ru.
  3060 | D:5      | Entered Level 5 of the Dungeon
  3334 | D:5      | Reached skill level 5 in Shields
  3334 | D:5      | Reached XP level 8. HP: 79/79 MP: 7/7
  3360 | D:5      | Reached skill level 7 in Unarmed Combat
  3365 | D:5      | Noticed Eustachio
  3391 | D:5      | Killed Eustachio
  3400 | D:5      | You fall into a shaft and drop 3 floors!
  3449 | D:8      | Reached skill level 5 in Fighting
  3477 | D:8      | Reached skill level 8 in Unarmed Combat
  3558 | D:7      | Reached XP level 9. HP: 41/85 MP: 8/8
  3732 | D:6      | Found a staircase to the Ecumenical Temple.
  3743 | Temple   | Entered the Ecumenical Temple
  3906 | Temple   | Became a worshipper of the Wu Jian Council
  3943 | D:7      | Noticed Maggie
  3954 | D:7      | Killed Maggie
  3955 | D:7      | Reached skill level 9 in Unarmed Combat
  4008 | D:7      | Identified the +1 leather armour "Menobykk" {rF- rC+++
                  | Str-5 Dex+6}
  4519 | D:7      | Reached * piety under Wu Jian
  4707 | D:6      | Found a shimmering blue altar of Sif Muna.
  4720 | D:6      | Reached skill level 10 in Unarmed Combat
  4760 | D:6      | Reached XP level 10. HP: 100/100 MP: 9/9
  5290 | D:8      | Reached ** piety under Wu Jian
  5345 | D:8      | Noticed a deep elf zephyrmancer
  5362 | D:8      | HP: 2/99 [deep elf zephyrmancer/bolt of lightning (33)]
  5366 | D:8      | Killed a deep elf zephyrmancer
  6183 | D:9      | Noticed a two-headed ogre
  6187 | D:9      | Killed a two-headed ogre
  6188 | D:9      | Reached skill level 11 in Unarmed Combat
  6269 | D:9      | Reached skill level 5 in Dodging
  6809 | D:10     | Entered Level 10 of the Dungeon
  6868 | D:10     | Reached XP level 11. HP: 101/109 MP: 10/10
  7052 | D:10     | Found a staircase to the Orcish Mines.
  7095 | D:10     | Found a broken altar of Ashenzari.
  7095 | D:10     | Noticed Amaemon
  7237 | D:10     | Reached *** piety under Wu Jian
  7359 | D:10     | Killed Amaemon
  7360 | D:10     | Reached skill level 12 in Unarmed Combat
  7490 | D:10     | Identified the +1 leather armour of the Clam {rC+}
  7556 | D:10     | Found a glowing silver altar of Zin.
  7699 | D:10     | Found a stormy altar of Qazlal.
  7847 | D:10     | Found a radiant altar of Vehumet.
  7847 | D:10     | Found a snail-covered altar of Cheibriados.
  7848 | D:10     | Found a basalt altar of Yredelemnul.
  8276 | D:11     | Noticed Snorg
  8295 | D:11     | Killed Snorg
  8418 | D:11     | Reached **** piety under Wu Jian
  8422 | D:11     | Reached skill level 13 in Unarmed Combat
  8634 | D:11     | Found a staircase to the Lair.
  8834 | D:11     | Reached XP level 12. HP: 117/118 MP: 11/11
  8996 | D:11     | Found a basalt altar of Yredelemnul.
  9060 | D:11     | Identified 3 scrolls of acquirement
  9062 | D:11     | Acquired a manual of Unarmed Combat
  9064 | D:11     | Acquired a manual of Spellcasting
  9066 | D:11     | Acquired the ring of Zogott {rElec rPois Str+2 Dex-2
                  | Stlth+}
  9114 | Orc:1    | Entered Level 1 of the Orcish Mines
  9305 | Orc:1    | Noticed an orc warlord
  9494 | Orc:1    | Killed an orc warlord
  9496 | Orc:1    | HP: 6/122 [orc warrior/+0 halberd[an orc warlord] (17)]
  9566 | Orc:1    | Reached skill level 14 in Unarmed Combat
  9740 | Orc:1    | Found a runed translucent door.
  9764 | Orc:1    | Noticed gelatine's ghost (journeyman DsFE)
  9779 | Orc:1    | Found Icwa's Jewellery Shop.
  9927 | Orc:2    | Entered Level 2 of the Orcish Mines
  9927 | Orc:2    | Found a staircase to the Elven Halls.
 10041 | Orc:2    | Found Geycli's Distillery.
 10047 | Orc:2    | Bought a potion of curing for 42 gold pieces
 10047 | Orc:2    | Bought a potion of might for 56 gold pieces
 10047 | Orc:2    | Bought a potion of berserk rage for 70 gold pieces
 10047 | Orc:2    | Bought a potion of flight for 42 gold pieces
 10047 | Orc:2    | Bought a potion of ambrosia for 112 gold pieces
 10047 | Orc:2    | Bought a potion of lignification for 42 gold pieces
 10047 | Orc:2    | Bought a potion of mutation for 112 gold pieces
 10205 | Orc:2    | Reached ***** piety under Wu Jian
 10347 | Orc:2    | Noticed an orc warlord
 10391 | Orc:2    | Killed an orc warlord
 10590 | Orc:2    | Found Hocawkotz's Antique Weapon Boutique.
 10592 | Orc:2    | Found Wuacw's Antique Armour Shop.
 10793 | Orc:2    | Found Wuppaqio's Antique Armour Shop.
 10799 | Orc:2    | Bought a shimmering robe for 176 gold pieces
 10799 | Orc:2    | Identified the +1 robe of Dishonour {Rampage Str+4 Slay-5}
                  | (You bought it in a shop on level 2 of the Orcish Mines)
 10864 | Orc:2    | Noticed an ogre mage
 10872 | Orc:2    | Killed an ogre mage
 10873 | Orc:2    | Reached skill level 15 in Unarmed Combat
 11125 | Lair:1   | Entered Level 1 of the Lair of Beasts
 11125 | Lair:1   | Noticed a four-headed hydra
 11137 | Lair:1   | Killed a nine-headed hydra
 11703 | Lair:1   | Reached skill level 10 in Shields
 11712 | Lair:1   | Reached XP level 13. HP: 123/131 MP: 12/12
 12094 | Lair:1   | Reached skill level 16 in Unarmed Combat
 12167 | Lair:1   | Gained mutation: You are clumsy. (Dex -2) [potion of
                  | mutation]
 12167 | Lair:1   | Gained mutation: Your mind is acute. (Int +4, Str/Dex -1)
                  | [potion of mutation]
 12167 | Lair:1   | Gained mutation: You are frail. (-10% HP) [potion of
                  | mutation]
 12167 | Lair:1   | Gained mutation: You have a pair of small antennae on your
                  | head. [potion of mutation]
 12168 | Lair:1   | Lost mutation: You are frail. (-10% HP) [potion of
                  | mutation]
 12168 | Lair:1   | Lost mutation: You are clumsy. (Dex -2) [potion of
                  | mutation]
 12168 | Lair:1   | Gained mutation: You have hidden genetic potential. [potion
                  | of mutation]
 12299 | Lair:2   | Found a hole to the Spider Nest.
 12790 | Lair:2   | Reached ****** piety under Wu Jian
 13031 | Lair:2   | Reached skill level 17 in Unarmed Combat
 13502 | Lair:3   | Noticed Josephine
 13511 | Lair:3   | Killed Josephine
 13617 | Lair:3   | Found a staircase to the Shoals.
 13620 | Lair:3   | Noticed Gastronok
 13661 | Lair:3   | Killed Gastronok
 13829 | Lair:3   | Noticed Nessos
 13846 | Lair:3   | Killed Nessos
 14530 | Lair:4   | Reached skill level 18 in Unarmed Combat
 14560 | Lair:4   | You fall into a shaft and drop 1 floor!
 14560 | Lair:5   | Entered Level 5 of the Lair of Beasts
 14570 | Lair:5   | Reached skill level 10 in Fighting
 14596 | Lair:5   | Found a staircase to the Slime Pits.
 14746 | Lair:4   | Reached XP level 14. HP: 108/137 MP: 13/13
 14960 | Lair:4   | Found a gate leading to a gauntlet.
 14969 | Gauntlet | Entered a Gauntlet
 14969 | Gauntlet | Found a transporter.
 14981 | Gauntlet | Found a transporter.
 14982 | Gauntlet | Found a transporter.
 14983 | Gauntlet | Found a transporter.
 14990 | Gauntlet | Found a transporter.
 14993 | Gauntlet | Found a transporter.
 14994 | Gauntlet | Found a transporter.
 15004 | Gauntlet | Found a transporter.
 15006 | Gauntlet | Found a transporter.
 15007 | Gauntlet | Found a transporter.
 15014 | Gauntlet | Found a runed translucent door.
 15015 | Gauntlet | Noticed a reaper
 15016 | Gauntlet | Found a transporter.
 15019 | Gauntlet | Found a transporter.
 15020 | Gauntlet | Found a transporter.
 15028 | Gauntlet | Found a transporter.
 15243 | Gauntlet | Gained mutation: You are partially covered in iridescent
                  | scales. (AC +2) [hidden potential]
 15317 | Gauntlet | Killed a reaper
 15454 | Gauntlet | Got Jyus's Compilation of Freezing Arcane Weapons
 15805 | Lair:4   | Found a sacrificial altar of Ru.
 15826 | Lair:4   | Identified the +8 plate armour of the Growing Gods {rF+
                  | Regen+ Int-2}
 16121 | Lair:5   | Reached skill level 19 in Unarmed Combat
 16322 | Lair:5   | Found an ornate altar of the Wu Jian Council.
 16451 | Lair:5   | Identified the +5 ring mail of Charity {rElec Dex+3}
 17081 | Lair:5   | Found a large runed translucent door.
 17081 | Lair:5   | Found a large runed translucent door.
 17173 | Lair:5   | Acquired the amulet of Efoblean {Spirit rF+++ Str-5}
 17486 | D:12     | Noticed Azrael
 17513 | D:12     | Killed Azrael
 17636 | D:12     | Reached XP level 15. HP: 68/152 MP: 8/14
 17872 | D:12     | Found a runed translucent gate.
 17872 | D:12     | Found a runed translucent gate.
 17872 | D:12     | Found a runed translucent gate.
 17876 | D:12     | Noticed Plazmod's ghost (journeyman DECj)
 17886 | D:12     | Noticed Urug
 17892 | D:12     | Killed Urug
 17952 | D:12     | Noticed Maurice
 17960 | D:12     | Killed Maurice
 18388 | D:12     | Gained mutation: Your muscles are strong. (Str +4, Int/Dex
                  | -1) [hidden potential]
 18388 | D:12     | Lost mutation: You have hidden genetic potential. [hidden
                  | potential expressed]
 18592 | D:13     | Found a gate to the Vaults.
 18636 | D:13     | Reached skill level 20 in Unarmed Combat
 19420 | D:14     | Found Feofehoh's Assorted Antiques.
 19889 | D:14     | Bought a bubbling clear potion for 22 gold pieces
 19889 | D:14     | Bought a scroll of identify for 50 gold pieces
 19889 | D:14     | Bought a scroll of identify for 50 gold pieces
 19889 | D:14     | Bought a scroll of teleportation for 75 gold pieces
 20029 | D:15     | Entered Level 15 of the Dungeon
 20503 | D:15     | Identified the +11 short sword of Gloom {protect, rElec
                  | Int+5}
 20559 | D:15     | Found a radiant altar of Vehumet.
 20857 | D:15     | Found a staircase to the Depths.
 20984 | D:12     | Killed Plazmod's ghost
 21087 | Shoals:1 | Entered Level 1 of the Shoals
 21184 | Shoals:1 | Reached skill level 21 in Unarmed Combat
 21196 | Shoals:1 | Reached XP level 16. HP: 165/165 MP: 15/15
 21573 | Shoals:1 | Found Riekut's Visitors' Centre.
 21575 | Shoals:1 | Found Riekut's Merfolk Weapons.
 21589 | Shoals:1 | HP: 4/165 [merfolk/+0 trident of venom (10)]
 21590 | Shoals:1 | Demolished by a merfolk

Illustrated notes

Levels and vault maps discovered:
D:1:      dpeg_arrival_tiny_b, layout_loops_corners, serial_shops, shop,
          hangedman_abyss_or_decor_stabs, hangedman_decor_opposing,
          minmay_heptomino_o4
D:2:      layout_loops_cross, basic_altar,
          dreamdust_ecumenical_altar_drowned_temple, minmay_goblin_kobold_house
D:3:      layout_basic, lightli_temple_of_fire, serial_corexii_hall,
          chequers_hall_statues_corner_a, corexii_hall_statues_i,
          gup_sewer_entry_pipe
D:4:      layout_loops_ring, mainiacjoe_overflow_alcove_2, serial_aquarium,
          aquarium_bridge_square [aquarium_subvault_window,
          aquarium_subvault_bridge, aquarium_subvault_bridge,
          aquarium_subvault_bridge], aquarium_window_fake,
          aquarium_window_corridor_1, aquarium_window_1, aquarium_window_1,
          aquarium_view_2d, uniq_pikel
D:5:      layout_cave_pods, kennysheep_mini, enter_ossuary_2, kennysheep_nub,
          sword_in_stone
D:6:      layout_rooms, nicolae_sif_muna_condensation,
          minmay_temple_entry_slanted, minmay_circle_x, uniq_menkaure
D:7:      layout_basic, uniq_maggie
D:8:      layout_loops_ring, guppyfry_early_elven_hall
D:9:      layout_rooms, minivault_1, minmay_hedge_maze, serial_bayou_ford_a
D:10:     wad_woods_structure_01, layout_irregular_city, kennysheep_little_box,
          gammafunk_temple_overflow_claw, nicolae_qazlal_scattered_showers,
          mainiacjoe_overflow_brackets, david_orc_2, uniq_amaemon
D:11:     layout_cave_pools, lair_entry_dummy, lemuel_zombie_altar_yredelemnul,
          uniq_snorg
D:12:     layout_irregular_city, gammafunk_ghost_hydra_chop, uniq_azrael,
          uniq_urug, uniq_maurice
D:13:     layout_roguey, lightli_vaults_fourway_checkpoint, serial_corexii_hall,
          chequers_hall_statues_y, corexii_hall_statues_t
D:14:     layout_rooms, serial_shops, nicolae_inconvenience_store
D:15:     grunt_enter_depths_snipers, layout_small_grid,
          nicolae_triple_integral, vehumet_crystals
Temple:   hellmonk_temple_forest_ring
Lair:1:   layout_cave_pods, infiniplex_staircase_pool_2, grunt_megastairs_4
Lair:2:   cheibrodos_lair_river_kwai, layout_hall_layers,
          spider_nest_entry_web_field, lemuel_fruit_fields
Lair:3:   layout_cellular_growth, minmay_shoals_entry_beasts,
          dreamdust_mushroom_princess, serial_bayou_shore_a, lemuel_fruit_tree,
          infiniplex_staircase_pool, uniq_nessos, uniq_josephine, uniq_gastronok
Lair:4:   dpeg_oklob_gauntlet, layout_gridlike, basic_altar,
          gauntlet_entry_generic, nicolae_lair_grove_arrangements,
          beast_lair_carwin_6
Lair:5:   cheibrodos_lair_end_hotspot, layout_regular_city, slime_entry_1,
          basic_altar, nicolae_volcano_entry_batcave
Shoals:1: nicolae_shoals_mermall, layout_shoals, nicolae_shoals_drake_roost
Orc:1:    layout_caves, serial_shops, nicolae_shop_crystal,
          gammafunk_ghost_grave
Orc:2:    grunt_orc_community_town_hall, layout_caves,
          grunt_orc_community_big_house_2, grunt_orc_community_big_house_2,
          grunt_orc_community_house_3, grunt_orc_community_house_1,
          grunt_orc_community_house_3, grunt_orc_community_house_1,
          grunt_orc_community_house_1, grunt_orc_community_house_2,
          abandoned_shop, mines4_lemuel

Skill      XL: |  1  2  3  4  5  6  7  8  9 10 11 12 13 14 15 16 |
---------------+-------------------------------------------------+-----
Shields        | 3 4 5 6 7 9 10 11 12 13 | 13.3
Unarmed Combat | 3 4 6 8 10 11 13 15 18 19 21 | 21.1
Fighting       | 3 4 5 6 7 8 9 10 11 12 | 12.3
Dodging        | 3 5 6 7 8 9 |  9.9

Action                   |  1- 3 |  4- 6 |  7- 9 | 10-12 | 13-15 | 16-18 || total
-------------------------+-------+-------+-------+-------+-------+-------++-------
Melee: Unarmed           |   128 |   119 |   311 |  1017 |  1145 |   123 ||  2843
Invok: Lunge             |       |       |     8 |    48 |    76 |     8 ||   140
       Whirlwind         |       |       |     1 |    39 |    29 |    62 ||   131
       Serpent's Lash    |       |       |       |       |    14 |       ||    14
       Heavenly Storm    |       |       |       |       |     1 |       ||     1
 Abil: Wall Jump         |       |       |       |     4 |     8 |       ||    12
Evoke: Wand              |       |       |       |     4 |     4 |       ||     8
       Phantom mirror    |       |       |       |     1 |     1 |       ||     2
  Use: Scroll            |     4 |     2 |     2 |    12 |    18 |     1 ||    39
       Potion            |       |     3 |     3 |     7 |     7 |     1 ||    21
 Stab: Sleeping          |     1 |       |       |     5 |     4 |       ||    10
       Distracted        |       |     1 |       |       |     1 |       ||     2
Armor: Robe              |    43 |    27 |    30 |       |    19 |       ||   119
       Acid dragon scale |       |       |    50 |   115 |       |       ||   165
       Troll leather arm |       |       |       |   108 |   357 |    28 ||   493
Dodge: Dodged            |    63 |    56 |    77 |   248 |   387 |    38 ||   869
Block: Kite shield       |    61 |    45 |   222 |   731 |   748 |    43 ||  1850
       Reflection        |       |       |     7 |     5 |    11 |       ||    23
